 Dungeon Crawl Stone Soup version 0.25-a0-516-g7d600cd9ad (webtiles) character file.

Game seed: 5645430561996997914, levelgen mode: deterministic

7 ChaosChampion the Sneak (level 1, 0/9 HPs)
             Began as a Spriggan Enchanter on Feb 13, 2020.
             Slain by a jackal (3 damage)
             ... on level 1 of the Dungeon on Feb 17, 2020.
             The game lasted 00:02:08 (318 turns).

ChaosChampion the Sneak (Spriggan Enchanter)         Turns: 318, Time: 00:02:09

Health: 0/9        AC:  2    Str:  4    XL:     1   Next: 91%
Magic:  4/5        EV: 18    Int: 16    God:
Gold:   0          SH:  0    Dex: 16    Spells: 4/5 levels left

rFire    . . .     SeeInvis +   a - +1 dagger
rCold    . . .     Gourm    .   (shield restricted)
rNeg     . . .     Faith    .   b - +0 robe
rPois    .         Spirit   .   (helmet restricted)
rElec    .         Reflect  .   (no cloak)
rCorr    .         Harm     .   (gloves unavailable)
MR       .....                  (boots unavailable)
Stlth    +++.......             (no amulet)
HPRegen  0.03/turn              (no ring)
MPRegen  0.09/turn              (no ring)

@: very quick
A: very small, unfitting armour, see invisible, herbivore, speed 3, slow
metabolism 2
a: no special abilities


You were on level 1 of the Dungeon.
You were not hungry.

You visited 1 branch of the dungeon, and saw 1 of its levels.

Inventory:

Hand Weapons
 a - a +1 dagger (weapon)
Armour
 b - a +0 robe (worn)
Scrolls
 c - a scroll of identify {unknown}
 e - a scroll of remove curse {unknown}
 h - a scroll of fog {unknown}
Potions
 f - a potion of brilliance {unknown}
 g - a potion of invisibility {unknown}
Comestibles
 d - 2 rations


   Skills:
 + Level 1.3 Short Blades
 + Level 3.0 Dodging
 + Level 4.6 Stealth
 + Level 2.9 Spellcasting
 + Level 3.9 Hexes


You had 4 spell levels left.
You knew the following spells:

 Your Spells              Type           Power        Failure   Level  Hunger
a - Corona                Hex            ##.....      3%          1    #......

Your spell library contained the following spells:

 Spells                   Type           Power        Failure   Level  Hunger
 Confusing Touch          Hex            ##......     12%         3    ###....
 Tukima's Dance           Hex            ##......     12%         3    ###....
 Ensorcelled Hibernation  Hex/Ice        #.....       13%         2    ##.....
 Dazzling Flash           Conj/Hex       #.....       26%         3    ###....


Dungeon Overview and Level Annotations

Branches:
Dungeon (1/15)

Altars:


Innate Abilities, Weirdness & Mutations

You are very small and have problems with some larger weapons.
You are too small for most types of armour.
You have supernaturally acute eyesight. (SInv)
You are a herbivore.
You cover ground extremely quickly.
You need to consume almost no food.


Message History

Press: ? - help, Shift-Dir - straight line, f - jackal
Aim: a jackal (chance to defeat MR: 68%)
The jackal is outlined in light.
You hit the jackal.
The jackal is severely wounded.
The jackal closely misses you. The jackal misses you.
You barely miss the jackal.
The jackal is severely wounded.
The jackal bites you.
* * * LOW HITPOINT WARNING * * *
You hit the jackal.
The jackal is almost dead.
The jackal misses you.
You hit the jackal but do no damage.
The jackal is almost dead.
The jackal closely misses you. x2
You barely miss the jackal.
The jackal is almost dead.
The jackal bites you.
You die...

#.#####.####
#......)#
#######.###########
#.#.........#
#####>#.# #####.##
#.....#.# #.(....#
###.###.#.###.###..#
...................#
###.#.>...###@####.#
#.##...## #h## #.###
#.....#####..###...#
#####.#


#PPP.PPPPPPPP #.# #P...P.P...P.P #+###PPP.P.PPP.P.P #...........P..
....PPPPP.PPPPP.P ....P.....P... You could see a jackal.

Vanquished Creatures
  3 goblins (D:1)
  A hobgoblin (D:1)
  A jackal (D:1)
  A rat (D:1)
6 creatures vanquished.

Notes
Turn   | Place    | Note
-------+----------+-------------------------------------------
     0 | D:1      | ChaosChampion the Spriggan Enchanter began the quest for
                  | the Orb.
     0 | D:1      | Reached XP level 1. HP: 9/9 MP: 5/5
   244 | D:1      | Upgraded the game from 0.25-a0-503-ge281fa673e to
                  | 0.25-a0-516-g7d600cd9ad
   318 | D:1      | Slain by a jackal

Levels and vault maps discovered:
D:1:      kennysheep_arrival_seaside, layout_loops_corners, minmay_hedge_maze,
          minmay_hexomino_p4

Action                   || total
-------------------------++-------
Melee: Dagger            ||    46
 Cast: Corona            ||     4
 Stab: Sleeping          ||     1
Armor: Robe              ||     5
Dodge: Dodged            ||    34

Table legend:
 A = Non-vault XP
 B = Vault XP
 C = Vault XP percentage of total XP
 D = Non-vault monster count
 E = Vault monster count
 F = Vault count percentage of total count
                 A         B        C        D         E       F
            +---------+---------+-------+---------+---------+-------
      Total |      11 |       0 |   0.0 |       6 |       0 |   0.0
            +---------+---------+-------+---------+---------+-------
        D:1 |      11 |       0 |   0.0 |       6 |       0 |   0.0
            +---------+---------+-------+---------+---------+-------
